← All builds
Geo sea / Armada / Economy first / OBSERVED BUILD

Standard geo sea

Armada Geo sea build order · Supreme Isthmus

Standard Geo sea play: bot lab then shipyard in the cove, an early submarine and destroyer to contest the sea, geothermal around 7:40 to fund the later fleet transition.

Usually shipyard in the cove (87%)

#naval #eco · 741 distinct matches · 101 players · 80% of Armada Geo sea games · team won 54% of 791 · Recently observed

HOW TO PLAY IT

Key timing: Shipyard by 3:13

  1. Open 3 mex and wind into Bot Lab.
  2. Put up Shipyard with naval turret and BP for defense.
  3. Send out "submarine" then "destroyer" to contest the sea.
  4. Bring geothermal online to fund the fleet.
  5. Add Advanced Metal Extractor as the economy transitions.

Phase by phase

TYPICAL OF ITS 741 GAMES
  1. 1
  2. 2
  3. 3
  4. 4
PLAY THE OPENING

Follow the example game's first 6:00 step by step: what to build now, what comes next, and where it goes. At 1× it keeps pace with your own game.

  1. 1

    Up to the Bot Lab

    Economy
    • Metal Extractor3Mex
    • Wind Turbine3Wind
    Order
    1. Bot LabBot Lab after 3 mex, 3 winddone ~1:12, middle half 1:06–1:18

    Some games also: wind for allies (44%)

    By 0:55 in all: 3 mex · 3 wind

    The example game in this phase · 3 steps
    1. Mex ×3
    2. Solar ×2
    3. Bot LabBot Labdone 1:04 · typical 1:12
  2. 2

    Bot Lab to Shipyard

    Economy
    • Metal Extractor1Mex
    • Wind Turbine1Wind
    Order
    1. ShipyardShipyard after 4 mex, 4 winddone ~3:11, middle half 2:50–3:36
    Builders
    • Construction Bot3 Con bot
    • Lazarus2 Lazarus

    Some games also: pawn (43%) · con turret (37%) · crossbow (35%)

    By 2:47 in all: 4 mex · 4 wind

    The example game in this phase · 6 steps
    1. LazarusLazarus
    2. Construction BotCon bot ×2
    3. LazarusLazarus
    4. Construction BotCon bot
    5. LazarusLazarus
    6. ShipyardShipyarddone 2:34 · typical 3:11
  3. 3

    Shipyard to 5:00

    Economy
    • Metal Extractor4Mex
    • Wind Turbine1Wind
    Builders
    • Construction Ship1 Con ship
    Army
    • Dolphin3 Dolphin
    • Skater1 Skater
    • Corsair1 Destroyer
    Other
    • Radar Tower1 Radar Tower

    Some games also: submarine (44%) · Sentry (44%) · converter (32%) · pawn (32%) · con turret (31%)

    By 5:00 in all: 8 mex · 7 wind · 1 energy storage · 1 con turret

    The example game in this phase · 31 steps
    1. Mex
    2. PawnPawn
    3. Construction ShipCon ship
    4. Wind
    5. Construction ShipCon ship
    6. Mex
    7. Wind
    8. SkaterSkater
    9. Mex
    10. SkaterSkater
    11. Mex
    12. SkaterSkater
    13. Construction ShipCon ship
    14. Mex
    15. EelSubmarinedone 3:48 · typical 4:21
    16. Con turret
    17. SentrySentry
    18. EelSubmarine
    19. Wind ×2
    20. Mex
    21. Wind
    22. SentrySentry
    23. SkaterSkater
    24. Wind
    25. Naval Radar / Sonar TowerNaval Radar / Sonar Tower
    26. DolphinDolphin
    27. Wind ×2
    28. DolphinDolphin
    29. Wind ×2
    30. DolphinDolphin
    31. Wind
  4. 4

    5:00 to 10:00

    Economy
    • Metal Extractor2Mex
    • Wind Turbine12Wind
    • Energy Converter2Converter
    Builders
    • Construction Turret1 Con turret
    • Construction Ship1 Con ship
    • Grim Reaper1 Grim Reaper
    Army
    • Sentry1 Sentry
    • Dolphin5 Dolphin
    • Corsair2 Destroyer
    • Skater2 Skater

    Some games also: Radar Tower (48%) · geo (40%) · frigate (40%) · Harpoon (39%) · Naval Construction Turret (34%)

    By 10:00 in all: 11 mex · 19 wind · 1 geo · 4 converter · 1 energy storage · 2 con turret

    The example game in this phase · 67 steps
    1. Wind ×2
    2. CorsairDestroyerdone 5:38 · typical 5:36
    3. Wind
    4. SkaterSkater
    5. Converter ×2
    6. CorsairDestroyer
    7. Geothermal PowerplantGeodone 8:09 · typical 7:46
    8. Converter
    9. EelSubmarine
    10. Grim ReaperGrim Reaper
    11. CorsairDestroyer
    12. SkaterSkater
    13. Grim ReaperGrim Reaper
    14. Advanced Metal ExtractorT2 mexdone 9:12 · typical 9:17
    15. CorsairDestroyer
    16. Converter ×5
    17. EelSubmarine
    18. Converter ×2
    19. Advanced Metal ExtractorT2 mex
    20. CorsairDestroyer
    21. SkaterSkater
    22. Mex
    23. Grim ReaperGrim Reaper
    24. Advanced Metal ExtractorT2 mex
    25. EelSubmarine
    26. CorsairDestroyer
    27. Construction ShipCon ship
    28. EelSubmarine
    29. Radar TowerRadar Tower
    30. Energy storage
    31. SkaterSkater
    32. Grim ReaperGrim Reaper
    33. Energy storage
    34. Dragon's TeethDragon's Teeth
    35. Advanced Metal ExtractorT2 mex
    36. Dragon's TeethDragon's Teeth ×3
    37. CorsairDestroyer
    38. Con turret
    39. Dragon's TeethDragon's Teeth ×6
    40. Con turret
    41. Energy storage
    42. Dragon's TeethDragon's Teeth ×3
    43. Con turret
    44. Dragon's TeethDragon's Teeth ×3
    45. CorsairDestroyer
    46. AnemoneAnemone
    47. Dragon's TeethDragon's Teeth ×2
    48. AnemoneAnemone
    49. Dragon's TeethDragon's Teeth ×3
    50. CorsairDestroyer
    51. Dragon's TeethDragon's Teeth
    52. Advanced Metal ExtractorT2 mex
    53. EelSubmarine
    54. Grim ReaperGrim Reaper
    55. Dragon's TeethDragon's Teeth
    56. NettleNettle
    57. Dragon's TeethDragon's Teeth ×6
    58. Grim ReaperGrim Reaper ×2
    59. SentrySentry
    60. Dragon's TeethDragon's Teeth ×3
    61. Metal storage
    62. Dragon's TeethDragon's Teeth ×7
    63. Solar
    64. Geothermal PowerplantGeo
    65. ShipyardShipyardnot finished by 15:00
    66. Advanced Metal ExtractorT2 mex
    67. Con turret

Counts are medians over the build's games: half of them build more, half fewer. The example game is HamoodLovesEstorage's (49 OS, 21/08/2026); pick another.

Team trades

IN AT LEAST 30% OF ITS GAMES

You hand over

  • Wind Turbine2 Wind to Airfirst at 1:41 · in 62% of games

You get

  • Finch1 Finch from Airfirst at 1:51 · in 74% of games
  • Hercules1 Light transport from Airfirst at 2:05 · in 63% of games
  • Advanced Construction Bot1 T2 con bot from Techfirst at 7:41 · in 89% of games

How it plays out

Typical game of this build, running totals by minute

Metal produced

010k20k30k
0:005:0010:0015:00

metal

Enemy metal destroyed

05k10k
0:005:0010:0015:00

metal

Own metal lost

02.5k5k7.5k
0:005:0010:0015:00

metal

791 games.

Show as table
ByMetal produced: This buildEnemy metal destroyed: This buildOwn metal lost: This build
1:0039500
2:0092800
3:00160200
4:002919051
5:00414517674
6:005553544312
7:0071121005650
8:00877617751054
9:001068325511695
10:001295135102275
11:001568346973191
12:001864157823974
13:002185969034814
14:002555779955686
15:002902091276710
WHAT THE NUMBERS SAY

Standard Armada geo sea nearly matches Cortex's economy numbers but wins slightly more often at 53%.

  • + Metal produced reaches 28785 by 15:00, the highest of the sea builds
  • + Own metal lost of 6895 stays well under enemy metal destroyed's 9048
  • − Geothermal only lands in 58% of games by 7:34
  • − T2 factory completes in only 40% of games by 12:43
THE EXAMPLE YOU ARE READING

HamoodLovesEstorage

49.2 OS · 21/08/2026

Open source match ↗

5 received units · includes a constructor
1343 metal received · 43726 energy received

Allied construction assistance is unknown. Timings are observations, not a promise of solo reproducibility.

Typical milestones

Bot Lab1:12Middle 50%: 1:06–1:18 · n=759
Shipyard3:11Middle 50%: 2:50–3:36 · n=780
Eel4:21Middle 50%: 3:41–5:34 · n=473
Corsair5:36Middle 50%: 4:50–6:34 · n=730
Geothermal Powerplant7:46Middle 50%: 6:48–9:15 · n=482
Advanced Metal Extractor9:17Middle 50%: 8:37–10:06 · n=689

Played most by

Optimusprimenutt52games of this build_X_49games of this buildKingBenjai49games of this buildhaaven43games of this buildHummell34games of this build